 Dungeon Crawl Stone Soup version 0.24.0-125-gc4c63601f3 (console) character file.

Game seed: 13159355744883154062, levelgen mode: deterministic

83 utis the Chiller (level 4, 21/24 HPs)
             Began as a Tengu Ice Elementalist on Feb 21, 2020.
             Quit the game on level 2 of the Dungeon.
             The game lasted 00:05:30 (3543 turns).

utis the Chiller (Tengu Ice Elementalist)           Turns: 3543, Time: 00:05:30

Health: 21/24      AC:  2    Str:  8    XL:     4   Next: 44%
Magic:  8/8        EV: 14    Int: 17    God:
Gold:   107        SH:  0    Dex: 14    Spells: 3/7 levels left

rFire    . . .     SeeInvis .   h - -2 short sword (curse)
rCold    . . .     Gourm    .   (no shield)
rNeg     . . .     Faith    .   a - +0 robe
rPois    .         Spirit   .   (helmet restricted)
rElec    .         Reflect  .   (no cloak)
rCorr    .         Harm     .   (no gloves)
MR       .....                  (boots unavailable)
Stlth    ++........             (no amulet)
HPRegen  0.08/turn              L - ring of flight
MPRegen  0.11/turn              (no ring)

@: no status effects
A: beak, talons 3
a: Evoke Flight


You were on level 2 of the Dungeon.
You were not hungry.

You visited 1 branch of the dungeon, and saw 2 of its levels.

You collected 107 gold pieces.

Inventory:

Hand Weapons
 f - a +0 spear
 h - a cursed -2 short sword (weapon)
 i - a +0 dagger
Missiles
 g - 71 stones (quivered)
Armour
 a - a +0 robe (worn)
Jewellery
 L - a ring of flight (left hand)
Scrolls
 d - 2 scrolls of identify {unknown}
 e - 2 scrolls of amnesia
 k - 3 scrolls of remove curse {unknown}
 m - a scroll of magic mapping {unknown}
Potions
 b - a potion of heal wounds {unknown}
 j - a potion of resistance {unknown}
 l - 2 potions of curing {unknown}
 n - a potion of degeneration {unknown}
 o - a potion of mutation {unknown}
Comestibles
 c - 4 rations {@e1}
 p - 2 chunks of flesh


   Skills:
 + Level 3.6 Dodging
 - Level 2.0 Stealth
 + Level 2.4 Spellcasting
   Level 1.3 Conjurations
 + Level 3.6 Ice Magic


You had 3 spell levels left.
You knew the following spells:

 Your Spells              Type           Power        Failure   Level  Hunger
a - Freeze                Ice            ##..         4%          1    #......
o - Ozocubu's Armour      Chrm/Ice       #.......     26%         3    ###....

Your spell library contained the following spells:

 Spells                   Type           Power        Failure   Level  Hunger
 Throw Frost              Conj/Ice       ##....       10%         2    ##.....
 Throw Icicle             Conj/Ice       ##......     54%         4    #####..
 Summon Ice Beast         Ice/Summ       #.......     65%         4    #####..


Dungeon Overview and Level Annotations

Branches:
Dungeon (2/15)

Altars:
Fedhas
Vehumet


Innate Abilities, Weirdness & Mutations

You have a beak for a mouth.
You have claws for feet.


Message History

Aiming: Freeze (safe; 4% risk of failure)
Press: ? - help, Shift-Dir - straight line, f - rat
Aim: a rat You freeze the rat.
The rat is severely wounded.
The rat bites you.
Casting: Freeze (safe; 4% risk of failure)
Confirm with . or Enter, or press ? or * to list all spells.
Aiming: Freeze (safe; 4% risk of failure)
Press: ? - help, Shift-Dir - straight line, f/p - rat
Aim: a rat (severely wounded)
You freeze the rat.
You kill the rat!
You see here a rat corpse.
You butcher the rat corpse.
p - 2 chunks of flesh (gained 1)
You see here a rat skeleton.
You start resting.
Magic restored.
Are you sure you want to abandon this character and quit the game? (Confirm with "yes".)

░░░░.░░░
░.....░
░.░ ░.░
░.....░
░.░ ░.░
░.....░
░.░
░░░░░░░
░.░ ░.░
░░░░░░░░
░.░
░......░
░.░
░.░░░░.░
░.░ ░.░
░Q░
░.░░░░░░.░
░÷░
░........░
░........
░░░░░░░░░░
░░░░░░░░░


There were no monsters in sight!

Vanquished Creatures
  A gnoll (D:1)
  An adder (D:2)
  A dart slug (D:1)
  3 worms (D:2)
  3 leopard geckos
  A ball python (D:1)
  A giant cockroach (D:2)
  3 goblins
  8 hobgoblins
  8 jackals
  4 bats
  8 frilled lizards
  2 kobolds
  7 rats
51 creatures vanquished.

Notes
Turn   | Place    | Note
-------+----------+-------------------------------------------
     0 | D:1      | utis the Tengu Ice Elementalist began the quest for the
                  | Orb.
     0 | D:1      | Reached XP level 1. HP: 10/10 MP: 4/4
   487 | D:1      | Reached XP level 2. HP: 15/15 MP: 4/6
  1259 | D:1      | Reached XP level 3. HP: 8/19 MP: 2/7
  1442 | D:1      | Learned a level 3 spell: Ozocubu's Armour
  2452 | D:2      | Found a radiant altar of Vehumet.
  2609 | D:2      | Reached XP level 4. HP: 18/24 MP: 0/8
  2777 | D:2      | Found a blossoming altar of Fedhas.
  3543 | D:2      | Quit the game

Levels and vault maps discovered:
D:1:      dpeg_arrival_shrine, layout_loops_ring, minmay_misc_feat_five
D:2:      layout_loops_cross, nicolae_overflow_hidden_temple,
          minmay_misc_feat_doors, fedhas_altar_4

Skill      XL: |  1  2 |
---------------+-------+-----
Ice Magic      | 3 |  3.6
Dodging        | 3 |  3.6
Stealth        | |  2.0
Spellcasting   | |  2.4
Conjurations   | |  1.3

Action                   |  1- 3 |  4- 6 || total
-------------------------+-------+-------++-------
Melee: Unarmed           |     1 |       ||     1
Throw: Stone             |    11 |     2 ||    13
 Cast: Freeze            |    69 |    31 ||   100
  Use: Scroll            |     1 |       ||     1
  Eat: Chunk             |     6 |     3 ||     9
Armor: Robe              |     8 |     1 ||     9
Dodge: Dodged            |    27 |     9 ||    36
